 Dungeon Crawl Stone Soup version 0.29.1-2-gbd0b4ee654 (webtiles) character file.

Game seed: 3162736974735026254

206 xian the Chopper (level 5, -5/41 HPs)
             Began as a Demonspawn Gladiator on Oct 24, 2022.
             Was an Initiate of Wu Jian.
             Slain by a hound (6 damage)
             ... on level 4 of the Dungeon.
             The game lasted 00:09:28 (3609 turns).

xian the Chopper (Demonspawn Gladiator)             Turns: 3609, Time: 00:09:29

Health: -5/41      AC: -1    Str: 16    XL:     5   Next: 53%
Magic:  5/5        EV: 11    Int: 10    God:    Wu Jian [......]
Gold:   113        SH:  7    Dex: 14    Spells: 4/4 levels left

rFire   . . .      SeeInvis .   a - +0 war axe
rCold   . . .      Faith    .   z - +0 kite shield
rNeg    . . .      Spirit   .   u - +1 robe {Will+}
rPois   .          Reflect  .   c - +0 helmet
rElec   .          Harm     .   (no cloak)
rCorr   .          Rampage  .   (no gloves)
Will    +....                   (no boots)
Stlth   +.........              (no amulet)
HPRegen 0.13/turn               (no ring)
MPRegen 0.09/turn               (no ring)

@: corroded, attractive
A: slimy green scales 1, weakness stinger 1
a: Renounce Religion


You were on level 4 of the Dungeon.
You worshipped Wu Jian.
Wu Jian was noncommittal.
You visited 2 branches of the dungeon, and saw 5 of its levels.

You collected 217 gold pieces.
You spent 104 gold pieces at shops.

Inventory:

Hand Weapons
 a - a +0 war axe (weapon)
Missiles
 d - 3 throwing nets (quivered)
Armour
 c - a +0 helmet (worn)
 u - a +1 robe of willpower (worn)
 z - a +0 kite shield (worn)
Magical Staves
 y - a staff of air
Wands
 b - a wand of paralysis (7)
Scrolls
 e - a scroll of immolation {unknown}
 f - 3 scrolls of identify {unknown}
 g - 2 scrolls of teleportation {unknown}
 i - a scroll of blinking {unknown}
 k - a scroll of acquirement {unknown}
 l - 2 scrolls of magic mapping
 n - 2 scrolls of poison {unknown}
 p - a scroll of butterflies {unknown}
 q - a scroll of amnesia {unknown}
 t - a scroll of noise {unknown}
 w - 3 scrolls of vulnerability {unknown}
Potions
 h - 2 potions of heal wounds {unknown}
 j - a potion of flight {unknown}
 m - a potion of attraction
 o - a potion of brilliance {unknown}
 r - a potion of curing {unknown}
 s - a potion of berserk rage {unknown}
 v - a potion of lignification {unknown}
 x - a potion of might {unknown}


   Skills:
 + Level 3.1 Fighting
 + Level 4.1 Axes
 + Level 2.0 Throwing
 + Level 1.6 Armour
 + Level 3.3 Dodging
 + Level 0.3 Stealth


You had 4 spell levels left.
You didn't know any spells.
Your spell library contained the following spells:

 Spells                   Type           Power      Damage    Failure   Level
 Dazzling Flash           Conj/Hex       0%         N/A       99%         3
 Iskenderun's Mystic Bla  Conj/Tloc      0%         2d3       100%        4
 Summon Forest            Summ/Tloc      0%         N/A       100%        5
 Summon Mana Viper        Hex/Summ       0%         N/A       100%        5
 Starburst                Conj/Fire      0%         6d3       100%        6
 Summon Cactus Giant      Summ           0%         N/A       100%        6


Dungeon Overview and Level Annotations

Branches:
Dungeon (4/15)             Temple (1/1) D:4

Altars:
Ashenzari
Cheibriados
Dithmenos
Fedhas
Gozag
Hepliaklqana
Makhleb
Nemelex Xobeh
Okawaru
Ru
Sif Muna
Vehumet
Wu Jian
Xom

Shops:
D:4 *

Annotations:
D:4 Grinder


Innate Abilities, Weirdness & Mutations

You are partially covered in slimy green scales. (AC +2)
You have a small tail.


Message History

You see here a hound corpse.
Things that are here:
a +0 short sword; 4 stones; a kobold corpse You see here a +1 dagger of venom.
A ball python comes into view.
Things that are here:
a +0 short sword; 4 stones; a kobold corpse A jelly comes into view.
The hound barks!
The jelly quivers.
You hear a shout!
You see here a hound corpse.
Found 12 gold pieces.
You lunge at the jelly.
You hit the jelly. The acid corrodes you!
Your hands burn!
The jelly is lightly wounded.
The jelly hits you.
You are splashed with acid!
You hit the jelly but do no damage.
Your hands burn!
The jelly is lightly wounded.
The jelly hits you but does no damage.
You slash the jelly!
Your hands burn!
* * * LOW HITPOINT WARNING * * *
The jelly is heavily wounded.
The jelly hits you but does no damage.
A gnoll comes into view. It is wielding a +0 halberd.
The hound closely misses you. The jelly hits you but does no damage.
The hound bites you.
* * * LOW HITPOINT WARNING * * *
The gnoll moves out of view.
Okay, then.
As you read the scroll labelled IKAZIA MUKOUPT, it crumbles to dust.
You feel aware of your surroundings.
You sensed 3 shops/portals.
It was a scroll of magic mapping.
The hound bites you but does no damage. The jelly hits you.
* * * LOW HITPOINT WARNING * * *
The acid corrodes you!
You are splashed with acid!
* * * LOW HITPOINT WARNING * * *
It was a potion of attraction.
You feel attractive to monsters. The hound bites you.
You die...

.hh...............#,........,,,,,
g##....#...##.....#####≈≈####,,,,
..K.##.#.......)...'..<..∩..+,,,,
##.......##.#g.).######≈≈####,**,
...#..##....#.#†###...#### *****
##)#.....#.............#
......##.#.#...........#
.#.##......#....h......#
.#....>.##......@J.....#
...##......##..........#
##....##.#......###...##**
,..##..,.#.##...#**....$,*
#.....#,..,......,,,....**
#.##..#,##.##....,,,,...*
,,,....,,........,,,,,,.*
,,.....,,,,.......,,,,,,*
*,,,,,,,,,,,,,,,,,,,,,,,*


You could see a hound, a jelly and a gnoll (wandering).

Vanquished Creatures
  A hound (D:4)
  An orc wizard (D:3)
  2 adders
  3 gnolls (D:4)
  4 dart slugs
  11 orcs
  7 endoplasms
  5 giant cockroaches
  10 goblins
  4 hobgoblins
  2 jackals (D:4)
  7 kobolds
  5 quokkas
  3 ball pythons
  4 bats
  5 frilled lizards
  6 rats
80 creatures vanquished.

Vanquished Creatures (others)
  A plant (D:1)
1 creature vanquished.

Grand Total: 81 creatures vanquished

Notes
Turn   | Place    | Note
-------+----------+-------------------------------------------
     0 | D:1      | xian the Demonspawn Gladiator began the quest for the Orb.
     0 | D:1      | Reached XP level 1. HP: 16/16 MP: 1/1
   372 | D:1      | Gained mutation: You have a small tail. [demonic ancestry]
   372 | D:1      | Reached XP level 2. HP: 22/22 MP: 2/2
   448 | D:1      | Reached skill level 3 in Axes
   726 | D:1      | Found a faded altar of an unknown god.
   820 | D:1      | Reached XP level 3. HP: 27/28 MP: 3/3
  1226 | D:2      | Found a hazy altar of Hepliaklqana.
  1481 | D:2      | Reached skill level 1 in Armour
  1912 | D:2      | Reached XP level 4. HP: 13/34 MP: 4/4
  3149 | D:4      | Gained mutation: You are partially covered in slimy green
                  | scales. (AC +2) [demonic ancestry]
  3149 | D:4      | Reached XP level 5. HP: 41/41 MP: 5/5
  3155 | D:4      | Found a staircase to the Ecumenical Temple.
  3183 | Temple   | Entered the Ecumenical Temple
  3205 | Temple   | Became a worshipper of the Wu Jian Council
  3285 | D:4      | Noticed Grinder
  3315 | D:4      | Reached skill level 4 in Axes
  3533 | D:4      | Found Voffuin's Assorted Antiques.
  3537 | D:4      | Bought a scroll labelled CUPPIR COTYKH for 19 gold pieces
  3537 | D:4      | Bought a kite shield for 85 gold pieces
  3608 | D:4      | HP: 1/41 [acid (7)]
  3609 | D:4      | Slain by a hound

Illustrated notes

Levels and vault maps discovered:
D:1:      eino_arrival_cavern_a, layout_loops_ring,
          shapermc_ecumenical_altar_mp_urbaneastern, chequers_avenue,
          minmay_ruptured
D:2:      layout_basic, basic_altar
D:3:      layout_loops_ring
D:4:      layout_gridville, minmay_temple_entry_ruins, serial_shops,
          nicolae_shop_trees, kennysheep_mini, nicolae_shop_hallway_stairs,
          nicolae_shop_hallway_stairs, dreamdust_gnoll_farm, uniq_grinder,
          uniq_edmund
Temple:   sentei_temple_godly_chess

Skill      XL: |  1  2  3  4  5 |
---------------+----------------+-----
Axes           | 3 4 |  4.1
Dodging        | 3 |  3.3
Armour         | 1 |  1.6
Fighting       | 3 |  3.1
Throwing       | 2 |  2.0
Stealth        | |  0.3

Action                   |  1- 3 |  4- 6 || total
-------------------------+-------+-------++-------
Melee: War axe           |   115 |    93 ||   208
       Tailslap          |     8 |    11 ||    19
       Punch             |       |     1 ||     1
Throw: Javelin           |       |    10 ||    10
Invok: Lunge             |       |     1 ||     1
  Use: Scroll            |       |     1 ||     1
       Potion            |       |     1 ||     1
 Stab: Sleeping          |     1 |       ||     1
Armor: Leather armour    |    47 |     2 ||    49
       Robe              |       |    39 ||    39
Dodge: Dodged            |   106 |    74 ||   180
Block: Kite shield       |       |     3 ||     3
